 Dungeon Crawl Stone Soup version 0.27.1-33-g824d729ab1 (webtiles) character file.

Game seed: 2790144458873786736

1634 Leekoo the Cleaver (level 8, -31/70 HPs)
             Began as a Hill Orc Fighter on Dec 23, 2021.
             Was an Initiate of Qazlal.
             Annihilated by a boulder beetle (54 damage)
             ... on level 7 of the Dungeon on Dec 24, 2021.
             The game lasted 00:24:11 (7909 turns).

Leekoo the Cleaver (Hill Orc Fighter)               Turns: 7909, Time: 00:24:11

Health: -31/70     AC: 15    Str: 21    XL:     8   Next: 98%
Magic:  8/8        EV:  7    Int:  8    God:    Qazlal [......]
Gold:   332        SH:  9    Dex: 10    Spells: 7/7 levels left

rFire    . . .     SeeInvis .   a - +0 war axe
rCold    . . .     Faith    .   c - +0 kite shield
rNeg     + . .     Spirit   .   z - +2 scale mail {Will+}
rPois    .         Reflect  .   s - +0 helmet "Ulasuvem" {rN+ Will+ rCorr}
rElec    .         Harm     .   D - +2 cloak
rCorr    +         Rampage  .   (no gloves)
Will     ++...                  m - +0 pair of boots
Stlth    ..........             (no amulet)
HPRegen  0.21/turn              (no ring)
MPRegen  0.11/turn              (no ring)

@: no status effects
A: no striking features
a: Renounce Religion


You were on level 7 of the Dungeon.
You worshipped Qazlal.
Qazlal was noncommittal.
You visited 2 branches of the dungeon, and saw 8 of its levels.

You collected 332 gold pieces.

Inventory:

Hand Weapons
 a - a +0 war axe (weapon)
 u - a +6 dagger of draining
 y - a +2 dire flail of protection
 C - a +3 spear
Missiles
 j - 15 boomerangs
 q - 6 poisoned darts (quivered)
Armour
 c - a +0 kite shield (worn)
 m - a +0 pair of boots (worn)
 s - the +0 helmet "Ulasuvem" (worn) {rN+ Will+ rCorr}
   (You found it on level 4 of the Dungeon)

   rN:        It protects you from negative energy.
   rCorr:     It protects you from acid and corrosion.
   Will:      It increases your willpower.
 z - a +2 scale mail of willpower (worn)
 D - a +2 cloak (worn)
Wands
 b - a wand of paralysis (8)
 t - a wand of iceblast (9)
Scrolls
 g - 5 scrolls of teleportation
 i - a scroll of magic mapping {unknown}
 n - a scroll of fog
 p - a scroll of fear {unknown}
 w - a scroll of vulnerability {unknown}
 A - a scroll of holy word {unknown}
 B - a scroll of amnesia {unknown}
 E - a scroll of immolation {unknown}
 F - a scroll of identify
 G - a scroll of torment {unknown}
Potions
 d - a potion of might
 e - 2 potions of heal wounds
 f - 2 potions of curing
 h - a potion of berserk rage {unknown}
 k - 2 potions of mutation
 l - a potion of lignification {unknown}
 o - a potion of magic {unknown}
 r - a potion of haste {unknown}
 v - 3 potions of flight
 x - a potion of invisibility {unknown}


   Skills:
 + Level 5.9 Fighting
 * Level 12.1 Axes
 + Level 5.3 Armour
 - Level 4.0 Shields


You had 7 spell levels left.
You didn't know any spells.
Your spell library contained the following spells:

 Spells                   Type           Power      Damage    Failure   Level
 Frozen Ramparts          Ice            0%         1d2       100%        3
 Ice Form                 Ice/Tmut       0%         N/A       100%        4
 Summon Ice Beast         Ice/Summ       0%         N/A       100%        4


Dungeon Overview and Level Annotations

Branches:
Dungeon (7/15)             Temple (1/1) D:6

Altars:
Ashenzari
Dithmenos
Elyvilon
Gozag
Hepliaklqana
Kikubaaqudgha
Nemelex Xobeh
Okawaru
Qazlal
Ru
Sif Muna
Uskayaw
Vehumet
Wu Jian
Xom
Zin
The Shining One

Shops:
D:4 (


Message History

Qazlal accepts your kill.
No target in view!
Found 22 stones.
You see here 22 stones.
Found a scroll labelled HUUREA YFOZ.
G - a scroll labelled HUUREA YFOZ A boulder beetle comes into view.
Aiming: Paralyse
Press: ? - help, Shift-Dir - straight line, f - boulder beetle
Aim: a boulder beetle (chance to affect: 28%)
Okay, then.
You slash the boulder beetle!
The boulder beetle is lightly wounded.
The boulder beetle completely misses you.
You slash the boulder beetle!
The boulder beetle is moderately wounded.
The boulder beetle bites you!
You slash the boulder beetle!
The boulder beetle is heavily wounded.
The boulder beetle bites you!!
You hit the boulder beetle but do no damage.
The boulder beetle is heavily wounded.
The boulder beetle bites you!
Okay, then.
The boulder beetle waves its antennae.
The boulder beetle waves its antennae.
The boulder beetle curls into a ball and begins rolling!
Aiming: Iceblast
Press: ? - help, Shift-Dir - straight line, f - boulder beetle
Aim: a boulder beetle (heavily wounded, rolling)
The mass of ice explodes!
The iceblast engulfs the boulder beetle but does no damage.
The boulder beetle is heavily wounded.
You hear a shout!
You hear an angry hiss.
The boulder beetle hits you!
The boulder beetle stops rolling and uncurls.
The boulder beetle curls into a ball and begins rolling!
The boulder beetle hits you!!!
Ouch! That really hurt!
You die...

#.. #......####
#..... #......# #
#.##.# #......####
#.##.# #......+...
#.##.# #......####
#.##.# #......# #
#######.##.# #......#
# ........##.#
#......# #
#######@...###(.....#
# #..B............#
#.#○##########+##
#.#.°B°....#
#.########.#######
#.................
##########.#######
..........#
########.#.#


You could see a boulder beetle (rolling).

Vanquished Creatures
  Eustachio (D:5)
  Edmund (D:5)
  An orc warrior (D:6)
  A phantom (D:6)
  A bullfrog (D:5)
  A gnoll sergeant (D:6)
  2 scorpions
  2 wyvern skeletons (D:6)
  The ghost of Atelerd the Digger, a weakling OpEE (D:3)
  2 bullfrog zombies
  3 crimson imps (D:5)
  An orc priest (D:5)
  2 hounds
  A bullfrog skeleton (D:6)
  2 jellies
  Jessica (D:1)
  Ijyb (D:4)
  3 iguanas
  4 orc wizards
  A killer bee zombie (D:7)
  A hound skeleton (D:4)
  4 gnolls (D:6)
  A howler monkey skeleton (D:6)
  6 adders
  An ufetubus (D:5)
  18 orcs
  11 bats
  7 endoplasms
  4 giant cockroaches
  5 goblins
  5 hobgoblins
  10 jackals
  A quokka (D:1)
  6 ball pythons
  7 frilled lizards
  7 kobolds
  7 rats
133 creatures vanquished.

Notes
Turn   | Place    | Note
-------+----------+-------------------------------------------
     0 | D:1      | Leekoo the Hill Orc Fighter began the quest for the Orb.
     0 | D:1      | Reached XP level 1. HP: 19/19 MP: 1/1
    60 | D:1      | Reached skill level 3 in Axes
   177 | D:1      | Reached XP level 2. HP: 23/26 MP: 2/2
   192 | D:1      | Reached skill level 4 in Axes
   479 | D:1      | Found a radiant altar of Vehumet.
   703 | D:1      | Found a faded altar of an unknown god.
   920 | D:1      | Reached XP level 3. HP: 31/31 MP: 3/3
  1058 | D:2      | Noticed Jessica
  1063 | D:1      | Killed Jessica
  1064 | D:1      | Reached skill level 5 in Axes
  1388 | D:2      | Reached XP level 4. HP: 39/39 MP: 4/4
  1777 | D:2      | Reached skill level 6 in Axes
  2125 | D:3      | Found a large runed translucent door.
  2125 | D:3      | Found a large runed translucent door.
  2129 | D:3      | Noticed Atelerd's ghost (weakling OpEE)
  2553 | D:3      | Reached XP level 5. HP: 44/45 MP: 5/5
  2652 | D:3      | Reached skill level 7 in Axes
  3276 | D:3      | Killed Atelerd's ghost
  3277 | D:3      | Reached skill level 8 in Axes
  3277 | D:3      | Reached XP level 6. HP: 49/51 MP: 6/6
  3582 | D:4      | Identified the +0 helmet "Ulasuvem" {rN+ Will+ rCorr}
  3600 | D:4      | Found an iron altar of Okawaru.
  3600 | D:4      | Found a broken altar of Ashenzari.
  3608 | D:4      | Found Juerot's Weapon Shop.
  3965 | D:4      | Noticed Ijyb
  3976 | D:4      | Killed Ijyb
  4200 | D:4      | Found a sparkling altar of Nemelex Xobeh.
  4421 | D:5      | Entered Level 5 of the Dungeon
  4421 | D:5      | Noticed Edmund
  4460 | D:5      | Noticed Eustachio
  4787 | D:5      | Killed Eustachio
  4788 | D:5      | Reached skill level 9 in Axes
  4788 | D:5      | Reached XP level 7. HP: 21/51 MP: 7/7
  4910 | D:5      | Reached skill level 10 in Axes
  5647 | D:5      | Found a shimmering altar of Xom.
  5728 | D:5      | Killed Edmund
  6139 | D:5      | Reached XP level 8. HP: 67/67 MP: 8/8
  6242 | D:6      | Found a staircase to the Ecumenical Temple.
  6251 | Temple   | Entered the Ecumenical Temple
  6298 | Temple   | Became a worshipper of Qazlal Stormbringer
  6322 | D:6      | Reached skill level 11 in Axes
  6337 | D:6      | Identified the +2 leather armour of Plasticity {Drain rC+
                  | Dex+3}
  6677 | D:6      | Reached skill level 5 in Fighting
  7187 | D:6      | Reached skill level 5 in Armour
  7372 | D:6      | Found a shimmering blue altar of Sif Muna.
  7471 | D:6      | Reached skill level 12 in Axes
  7890 | D:7      | Noticed a boulder beetle
  7909 | D:7      | Annihilated by a boulder beetle

Illustrated notes

Levels and vault maps discovered:
D:1:      dpeg_arrival_round_c, layout_basic,
          dilly_ecumenical_altar_fadedgnrine, grunt_decor_one_mirror,
          minmay_hexomino_r4
D:2:      layout_loops_ring, uniq_jessica
D:3:      layout_loops_ring, ebering_ghost_disaster_area
D:4:      layout_gridville, nemelex_diamond_rough_becter,
          gammafunk_temple_overflow_wave, serial_shops, shop, uniq_ijyb
D:5:      layout_cave_pools, led_xom_imps, uniq_eustachio, uniq_edmund
D:6:      layout_loops_ring, nicolae_sif_muna_little_library,
          minmay_temple_entry_stoned_glass, supply_closet_lemuel
D:7:      layout_basic, slow_altar_2
Temple:   nicolae_temple_x_marks_the_god

Skill      XL: |  1  2  3  4  5  6  7  8 |
---------------+-------------------------+-----
Axes           | 3 4 5 6 8 9 10 12 | 12.1
Fighting       | 4 5 |  5.9
Armour         | 5 |  5.3
Shields        | 4 |  4.0

Action                   |  1- 3 |  4- 6 |  7- 9 || total
-------------------------+-------+-------+-------++-------
Melee: War axe           |   100 |   241 |   209 ||   550
Throw: Dart              |       |     8 |     8 ||    16
Evoke: Wand              |       |       |     2 ||     2
  Use: Scroll            |       |     4 |     2 ||     6
 Stab: Paralysed         |       |       |     3 ||     3
Armor: Scale mail        |    67 |   145 |    77 ||   289
Dodge: Dodged            |    33 |    84 |    44 ||   161
Block: Kite shield       |    70 |   122 |    90 ||   282
